 Dungeon Crawl Stone Soup version 0.26.1-2-gb8aa6d0cf2 (webtiles) character file.

Game seed: 13122415028583804597

633 promet the Poker (level 7, -2/57 HPs)
             Began as a Merfolk Fighter on Feb 7, 2021.
             Slain by Pikel
             ... wielding a +1 whip of flaming
              (7 damage)
             ... on level 4 of the Dungeon on Feb 8, 2021.
             The game lasted 00:24:31 (5516 turns).

promet the Poker (Merfolk Fighter)                  Turns: 5516, Time: 00:24:31

Health: -2/57      AC:  0    Str: 18    XL:     7   Next: 49%
Magic:  7/7        EV:  9    Int:  8    God:
Gold:   238        SH: 14    Dex: 13    Spells: 6/6 levels left

rFire    . . .     SeeInvis .   a - +1 trident
rCold    . . .     Faith    .   c - +0 tower shield
rNeg     . . .     Spirit   .   (no armour)
rPois    .         Reflect  .   (no helmet)
rElec    .         Harm     .   (no cloak)
rCorr    .         Rampage  .   (no gloves)
Will     .....                  (no boots)
Stlth    +.........             (no amulet)
HPRegen  0.19/turn              (no ring)
MPRegen  0.10/turn              (no ring)

@: no status effects
A: change form in water, swift swim, stealthy swim
a: no special abilities


You were on level 4 of the Dungeon.
You visited 1 branch of the dungeon, and saw 4 of its levels.

You collected 238 gold pieces.

Inventory:

Hand Weapons
 a - a +1 trident (weapon)
 b - a +1 mace of venom
 o - a +1 antimagic whip
 q - a +0 rapier
 s - a +3 dagger of venom
Missiles
 e - 31 sling bullets
 f - 49 stones
 i - 49 bolts
 j - 31 arrows
 k - 8 boomerangs (quivered)
Armour
 c - a +0 tower shield (worn)
Jewellery
 h - an uncursed amulet of faith
 r - an uncursed ring of fire {unknown}
Scrolls
 d - 2 scrolls of fog
 g - 5 scrolls of remove curse
 l - a scroll of amnesia
 n - 3 scrolls of identify
 p - 2 scrolls of enchant weapon
 t - a scroll of magic mapping
Potions
 m - 3 potions of brilliance
 u - a potion of flight


   Skills:
 * Level 5.8 Fighting
 + Level 7.2 Polearms
 + Level 0.2 Throwing
 + Level 2.6 Armour
 + Level 2.7 Dodging
 + Level 0.2 Stealth
 + Level 4.4 Shields


You had 6 spell levels left.
You didn't know any spells.
Your spell library contained the following spells:

 Spells                   Type           Power        Failure   Level
 Magic Dart               Conj           0%           99%         1
 Blink                    Tloc           N/A          100%        2
 Call Imp                 Summ           0%           100%        2
 Slow                     Hex            0%           100%        2
 Conjure Flame            Conj/Fire      0%           100%        3
 Mephitic Cloud           Conj/Pois/Air  0%           100%        3


Dungeon Overview and Level Annotations

Branches:
Dungeon (4/15)
 Temple: D:4-7

Altars:
Cheibriados
Trog

Annotations:
D:4 Pikel


Message History

You block Pikel's attack.
You hit Pikel but do no damage.
Pikel is lightly wounded.
You block Pikel's attack.
Your shield prevents you from hitting Pikel.
Pikel is lightly wounded.
You block Pikel's attack.
You hit Pikel.
Pikel is moderately wounded.
You block Pikel's attack.
You hit Pikel but do no damage.
Pikel is moderately wounded.
Pikel hits you but does no damage. You block Pikel's attack.
You closely miss Pikel.
Pikel is lightly wounded.
You hit Pikel.
Pikel is moderately wounded.
You block Pikel's attack.
Pikel hits you with a +1 whip of flaming!
You die...

############# ########
#...#.......# #......#
#.#.#.......# ###.######
#.#.#.......######......#
#.#.#.......'.@K55.##...#####
#.#.#.......#####5..+...'....
#.#.#.......# #.###...####.
###.#.#.......# #5...........
..#.#.#.####### ###5...K.....
..#.#.#.##.... ....#####.##.
..#..........# ##..# ...
..###..###.#.# #..###########
...........# #.............


You could see Pikel and 3 lemures.

Vanquished Creatures
  Sigmund (D:2)
  A necrophage (D:4)
  An ogre (D:4)
  An orc priest (D:4)
  A hound (D:4)
  A centaur skeleton (D:4)
  An iron imp (D:4)
  A worker ant (D:4)
  3 gnolls (D:2)
  5 adders
  3 worms
  2 dart slugs
  2 leopard geckos
  7 orcs (D:4)
  6 giant cockroaches
  7 goblins
  9 hobgoblins
  8 kobolds
  A quokka (D:3)
  9 bats
  A quokka skeleton (D:4)
  6 rats
77 creatures vanquished.

Notes
Turn   | Place    | Note
-------+----------+-------------------------------------------
     0 | D:1      | promet the Merfolk Fighter began the quest for the Orb.
     0 | D:1      | Reached XP level 1. HP: 18/18 MP: 1/1
   372 | D:1      | Reached XP level 2. HP: 25/25 MP: 2/2
   881 | D:2      | Reached XP level 3. HP: 25/30 MP: 3/3
  1337 | D:2      | Reached skill level 4 in Polearms
  1337 | D:2      | Reached XP level 4. HP: 24/37 MP: 4/4
  1825 | D:2      | Noticed Sigmund
  1838 | D:2      | Killed Sigmund
  1839 | D:2      | Reached skill level 5 in Polearms
  1839 | D:2      | Reached skill level 1 in Dodging
  1839 | D:2      | Reached XP level 5. HP: 37/43 MP: 5/5
  1839 | D:2      | Reached XP level 6. HP: 43/50 MP: 6/6
  2039 | D:2      | Found a bloodstained altar of Trog.
  2209 | D:3      | Found a faded altar of an unknown god.
  2454 | D:3      | Reached skill level 6 in Polearms
  3125 | D:3      | Upgraded the game from 0.26.1 to 0.26.1-2-gb8aa6d0cf2
  3768 | D:4      | Reached skill level 5 in Fighting
  4311 | D:4      | Reached XP level 7. HP: 42/56 MP: 7/7
  4488 | D:4      | Reached skill level 7 in Polearms
  4642 | D:4      | Noticed Pikel
  5321 | D:4      | Found a snail-covered altar of Cheibriados.
  5516 | D:4      | Slain by Pikel

Illustrated notes

Levels and vault maps discovered:
D:1:      dpeg_arrival_round_a, layout_rooms
D:2:      layout_loops_corners, lemuel_coloured_pillars_altar, uniq_sigmund
D:3:      layout_basic, chequers_ecumenical_altar_simple
D:4:      layout_basic, chei_slow_surprise, uniq_pikel

Skill      XL: |  1  2  3  4  5  6  7 |
---------------+----------------------+-----
Fighting       | 4 5 |  5.8
Polearms       | 4 5 6 7 |  7.2
Dodging        | 1 2 |  2.7
Shields        | 4 |  4.4
Throwing       | |  0.2
Armour         | |  2.6
Stealth        | |  0.2

Action                   |  1- 3 |  4- 6 |  7- 9 || total
-------------------------+-------+-------+-------++-------
Melee: Trident           |   103 |   139 |    35 ||   277
Throw: Stone             |     2 |       |       ||     2
       Boomerang         |       |     3 |       ||     3
  Use: Scroll            |     6 |     8 |     1 ||    15
       Potion            |     1 |     6 |       ||     7
Armor: Scale mail        |    53 |     4 |       ||    57
Dodge: Dodged            |    26 |    39 |     6 ||    71
Block: Kite shield       |    41 |    54 |       ||    95
       Tower shield      |       |    24 |    31 ||    55
